Map: 다크니스 생츄어리 - 래더

Players

Solar - Winner!

  • Race: Zerg Zerg
  • Spawn Location: 7:00

Bunny

  • Race: Terran Terran
  • League: Diamond
  • Spawn Location: 1:00

Event: HomeStory Cup XVII

VOD

Have the link to the VOD?

Description

Time

  • Played on: June 28, 2018, 4:24 p.m.
  • Length: 18:21

All games in this series

Show
View Real Time Build Order
Export as new Build Order

Solar Zerg - Winner!

Build Orders: Hatch First 

Get SALT Encoding   

  12  0:01  Drone  
  13  0:12  Overlord  
  13  0:17  Drone  
  14  0:31  Drone x2  
  14  0:35  Drone  
  17  0:51  Hatchery  
  17  0:55  Drone  
  17  0:57  Drone  
  17  1:03  Extractor  
  17  1:12  Spawning Pool  
  17  1:16  Drone  
  17  1:19  Drone  
  18  1:28  Drone  
  19  1:39  Drone  
  20  1:49  Overlord  
  20  2:00  Queen  
  22  2:03  Queen  
  22  2:04  Zergling x4  
  22  2:05  Metabolic Boost  
  26  2:19  Drone x2  
  28  2:29  Hatchery  
  27  2:32  Drone  
  27  2:34  Drone  
  29  2:38  Drone  
  29  2:40  Drone  
  31  2:48  Queen  
  33  2:53  Overlord  
  33  2:56  Drone  
  34  3:00  Drone x2  
  36  3:12  Drone x3  
  39  3:13  Drone x2  
  41  3:20  Pneumatized Carapace  
  41  3:24  Queen  
  41  3:25  Overlord  
  43  3:28  Drone  
  43  3:31  Overlord  
  44  3:46  Drone  
  44  3:47  Drone  
  48  3:48  Drone x3  
  48  3:49  Zergling x2  
  48  3:51  Queen  
  48  3:52  Drone  
  48  3:55  Zergling x4  
  55  3:58  Overlord  
  55  4:00  Drone x2  
  55  4:02  Drone  
  58  4:06  Queen  
  58  4:08  Drone  
  61  4:10  Zergling x2  
  61  4:12  Overlord  
  61  4:15  Drone x2  
  61  4:16  Zergling x2  
  65  4:18  Zergling x2  
  65  4:20  Overlord  
  66  4:25  Drone x2  
  66  4:31  Overlord  
  68  4:33  Drone  
  68  4:34  Drone x2  
  68  4:37  Drone  
  72  4:40  Overlord  
  72  4:41  Zergling x2  
  72  4:44  Extractor  
  72  4:47  Zergling x4  
  72  4:48  Evolution Chamber x2  
  72  4:53  Drone  
  73  5:01  Drone x2  
  73  5:04  Drone  
  73  5:06  Drone  
  73  5:07  Drone x3  
  74  5:10  Drone x2  
  74  5:11  Drone x2  
  74  5:12  Lair  
  78  5:14  Drone x2  
  78  5:16  Zerg Ground Armor Level 1  
  78  5:17  Drone  
  78  5:18  Extractor x2  
  78  5:19  Extractor  
  78  5:22  Roach Warren  
  78  5:25  Zergling x6  
  78  5:27  Extractor  
  79  5:30  Overlord  
  79  5:34  Zerg Missile Weapons Level 1  
  79  5:35  Drone  
  79  5:36  Drone  
  79  5:38  Hatchery  
  79  5:41  Drone x2  
  82  5:43  Overlord  
  82  5:48  Drone  
  82  5:49  Queen  
  80  5:52  Drone x3  
  80  5:55  Drone x2  
  80  5:56  Drone  
  89  5:59  Drone x2  
  89  6:00  Drone  
  91  6:06  Overlord  
  91  6:11  Overlord  
  91  6:12  Overlord  
  91  6:17  Roach x3  
  91  6:18  Infestation Pit  
  94  6:24  Drone  
  94  6:25  Drone x2  
  97  6:28  Overlord  
  97  6:31  Spire  
  97  6:32  Roach x2  
  100  6:35  Roach  
  100  6:38  Overlord  
  102  6:40  Drone  
  102  6:43  Extractor, Roach  
  104  6:47  Roach x3  
  104  6:48  Extractor  
  104  6:49  Roach x2  
  104  6:53  Roach  
  115  6:54  Drone x3  
  115  6:59  Overlord  
  115  7:05  Drone  
  115  7:06  Overlord  
  116  7:08  Hydralisk Den  
  116  7:09  Overlord  
  116  7:14  Overlord  
  114  7:16  Overlord  
  114  7:18  Drone  
  114  7:19  Overlord, Drone x2  
  116  7:24  Overlord  
  116  7:35  Overlord  
  116  7:36  Overlord  
  112  7:40  Hive  
  112  7:42  Mutalisk x5  
  112  7:43  Mutalisk x2, Grooved Spines  
  126  7:48  Drone x3  
  126  7:50  Hydralisk  
  126  7:51  Hydralisk x2  
  131  7:54  Hydralisk  
  131  7:56  Roach  
  139  8:01  Roach x3  
  143  8:06  Glial Reconstitution  
  143  8:12  Queen  
  139  8:15  Hydralisk  
  139  8:16  Hydralisk x4  
  140  8:21  Roach x3  
  140  8:22  Roach  
  140  8:25  Drone x2  
  145  8:41  Overlord  
  145  8:47  Spine Crawler  
  144  8:48  Zerg Ground Armor Level 2, Zerg Missile Weapons Level 2  
  144  8:49  Spine Crawler  
  144  8:51  Hydralisk x2  
  145  8:56  Overlord  
  145  8:58  Drone x3  
  145  8:59  Drone x2  
  145  9:01  Hatchery, Viper  
  152  9:06  Hydralisk x2  
  154  9:10  Hydralisk x2  
  154  9:12  Viper  
  161  9:17  Roach x3  
  161  9:19  Hydralisk  
  161  9:22  Hatchery  
  167  9:27  Muscular Augments  
  167  9:29  Hydralisk x2  
  167  9:32  Roach x3  
  167  9:34  Roach x2  
  167  9:37  Roach x3  
  181  9:46  Hydralisk x4  
  189  9:58  Greater Spire  
  189  9:59  Roach x4  
  195  10:04  Drone x5  
  200  10:15  Extractor  
  200  10:19  Extractor  
  198  10:22  Hydralisk  
  198  10:26  Hydralisk  
  200  10:41  Hydralisk x5  
  200  10:44  Hydralisk  
  200  10:48  Hydralisk x2  
  198  10:52  Hydralisk  
  198  10:53  Hydralisk x9  
  198  10:55  Roach x3  
  197  10:57  Hydralisk  
  199  11:13  Zerg Missile Weapons Level 3  
  199  11:16  Spine Crawler  
  199  11:18  Spine Crawler  
  197  11:20  Roach  
  197  11:22  Overlord  
  197  11:23  Overlord  
  197  11:25  Overlord  
  199  11:32  Roach x2  
  199  11:33  Roach  
  199  11:35  Hydralisk x2  
  199  11:38  Drone  
  198  11:59  Hydralisk x2  
  196  12:21  Roach x2  
  182  12:48  Hydralisk x15  
  182  12:49  Hydralisk x3  
  182  12:50  Viper x2  
  182  12:51  Roach  
  174  12:52  Roach x13  
  174  12:53  Roach x2  
  198  13:22  Hydralisk x2  
  198  13:23  Hydralisk x6  
  198  13:25  Hydralisk x8  
  185  13:29  Roach x3  
  185  13:30  Roach x3  
  185  13:31  Hydralisk x6  
  177  13:35  Hydralisk  
  177  13:39  Hydralisk x3  
  177  13:43  Zerg Flyer Weapons Level 1  
  177  13:45  Overseer  
  177  13:48  Roach x2  
  177  13:53  Hatchery, Hydralisk  
  177  13:54  Hydralisk x2  
  186  14:03  Roach x5  
  186  14:06  Hydralisk  
  186  14:07  Hydralisk  
  196  14:19  Drone x2  
  196  14:20  Spine Crawler  
  197  14:27  Overlord  
  197  14:28  Overlord  
  197  14:29  Hydralisk  
  197  14:30  Hydralisk  
  199  14:31  Drone  
  199  14:33  Overlord  
  199  14:34  Overlord  
  199  14:35  Overlord  
  186  14:42  Hydralisk x2  
  186  14:43  Hydralisk x4  
  186  14:44  Viper x3  
  176  14:58  Corruptor  
  176  14:59  Corruptor x3  
  184  15:03  Corruptor x2  
  184  15:05  Corruptor  
  190  15:09  Corruptor  
  190  15:15  Corruptor  
  184  15:27  Spine Crawler, Drone x2  
  184  15:28  Spine Crawler  
  182  15:46  Brood Lord x5  
  191  15:54  Brood Lord x2  
  191  15:56  Brood Lord x2  
  199  15:58  Drone  
  200  16:13  Overseer x3  
  200  16:39  Corruptor x5  
  192  16:46  Corruptor x2  
  188  16:51  Hydralisk  
  188  16:52  Hydralisk x3  
  194  16:56  Extractor  
  194  16:57  Extractor, Roach x4  
  197  17:12  Roach  
  199  17:18  Overlord  
  199  17:23  Unknown  
  199  17:24  Unknown x2  
  199  17:26  Roach  
  199  17:27  Roach x4  
  183  17:30  Hydralisk x2  
  183  17:31  Hydralisk x7  
  183  17:33  Hydralisk x2  
  183  17:34  Roach x2  
  183  17:36  Roach x3  
  195  17:37  Roach  
  195  17:38  Roach  
  195  17:41  Hydralisk x4  
  195  17:43  Hydralisk  
  183  17:45  Hydralisk  
  183  17:47  Hydralisk  
  183  17:51  Hydralisk x2  
  176  17:54  Roach x2  
  176  17:56  Roach  
  179  17:58  Roach  
  171  18:10  Extractor  
Show
View Real Time Build Order
Export as new Build Order

Bunny Terran 

Build Orders: Liberator Opening, Reaper Expand, Mech 

Get SALT Encoding   

  12  0:00  SCV  
  13  0:13  SCV  
  14  0:17  Supply Depot  
  14  0:25  SCV  
  15  0:38  SCV  
  15  0:40  Barracks  
  16  0:43  Refinery  
  16  0:50  SCV  
  17  1:03  SCV  
  18  1:15  SCV  
  19  1:27  Orbital Command  
  19  1:28  Reaper  
  20  1:40  Command Center  
  20  1:51  Supply Depot  
  20  1:53  SCV  
  21  1:59  Marine  
  22  2:05  SCV  
  22  2:08  Factory  
  23  2:11  Refinery  
  23  2:17  SCV  
  23  2:21  Barracks Reactor  
  24  2:29  SCV  
  25  2:41  SCV  
  26  2:51  Orbital Command  
  26  2:53  Starport, SCV  
  27  3:05  SCV, Hellion x2  
  31  3:11  Barracks Tech Lab  
  32  3:18  SCV x2  
  34  3:20  Supply Depot  
  34  3:26  Hellion  
  38  3:27  Hellion  
  38  3:30  SCV x2  
  40  3:37  Viking  
  42  3:42  SCV x2  
  42  3:48  Hellion x2  
  48  3:51  Supply Depot  
  48  3:54  SCV x2  
  48  3:55  Liberator  
  50  4:06  SCV x2  
  52  4:15  Command Center  
  55  4:18  SCV x2  
  55  4:21  Hellion x2  
  61  4:30  SCV  
  62  4:31  Supply Depot  
  62  4:32  Supply Depot  
  62  4:41  Factory  
  62  4:42  Factory  
  62  4:48  Refinery x2  
  62  4:52  Supply Depot, Barracks Tech Lab  
  62  4:53  SCV x2  
  64  5:00  Armory  
  64  5:05  SCV x2  
  66  5:13  Hellion  
  66  5:14  Hellion  
  65  5:17  SCV x2  
  65  5:18  Supply Depot  
  65  5:20  Starport Reactor  
  67  5:25  Armory  
  67  5:27  Orbital Command  
  67  5:29  SCV x2  
  69  5:41  SCV x2  
  71  5:48  Thor  
  71  5:49  Thor  
  83  5:53  SCV x2  
  83  5:57  Refinery x2  
  85  6:00  Orbital Command, Supply Depot  
  85  6:01  Terran Vehicle Weapons Level 1  
  85  6:09  SCV x2  
  87  6:12  Command Center  
  87  6:15  Terran Vehicle And Ship Armor Level 1  
  84  6:21  SCV x2  
  84  6:25  Medivac x2  
  90  6:27  Hellion x2  
  90  6:28  SCV  
  90  6:31  Hellion x5  
  95  6:39  SCV x2  
  97  6:40  SCV  
  98  6:47  Siege Tank x2  
  98  6:53  SCV x3  
  98  6:54  Supply Depot x2  
  102  7:00  Hellion x2  
  106  7:05  SCV x3  
  106  7:07  Supply Depot x2  
  109  7:16  Factory  
  109  7:18  Factory  
  109  7:20  SCV x3  
  112  7:25  Orbital Command  
  111  7:33  Siege Tank  
  111  7:34  Siege Tank  
  115  7:37  SCV x2  
  115  7:38  SCV  
  115  7:42  Supply Depot  
  115  7:44  Supply Depot  
  118  7:46  Hellion x2  
  118  7:48  Infernal Pre-Igniter  
  123  7:51  SCV x3  
  123  7:54  SCV  
  123  7:57  Terran Vehicle Weapons Level 2  
  126  8:02  Factory Reactor, Factory Tech Lab  
  126  8:09  Siege Tank x2  
  126  8:12  Hellbat x2  
  136  8:15  Viking x2  
  140  8:22  Siege Tank  
  143  8:34  Hellbat x2  
  143  8:36  SCV  
  143  8:37  SCV x2  
  143  8:39  Refinery x2  
  148  8:41  Hellbat x2  
  148  8:44  SCV  
  148  8:45  Viking x2  
  159  8:50  Thor x2  
  159  8:51  Engineering Bay  
  159  8:55  Hellbat x2  
  166  8:59  SCV x2  
  168  9:07  Thor x2  
  168  9:09  Hellbat x2  
  173  9:15  Viking x2  
  173  9:16  Hellbat  
  177  9:18  Terran Vehicle And Ship Armor Level 2  
  177  9:19  SCV  
  177  9:20  SCV x2  
  180  9:24  Supply Depot  
  180  9:25  Supply Depot  
  180  9:28  Supply Depot  
  180  9:30  Supply Depot, SCV  
  181  9:32  Hellbat x2  
  181  9:33  Siege Tank  
  187  9:42  Missile Turret  
  187  9:48  Missile Turret, Hellbat  
  187  9:49  Siege Tank, Hellion x10  
  187  9:50  Hellbat  
  193  9:54  Viking  
  193  9:56  Siege Tank  
  192  10:04  Hellbat x2  
  192  10:05  Command Center  
  192  10:06  Siege Tank  
  199  10:14  Terran Vehicle Weapons Level 3  
  199  10:18  Factory  
  199  10:19  Factory  
  197  10:22  Siege Tank  
  197  10:34  Siege Tank  
  197  10:35  Hellbat x2  
  199  10:37  Hellbat  
  199  10:40  SCV  
  175  10:50  Hellbat x2  
  175  10:56  Siege Tank  
  162  10:57  Hellbat x2  
  162  10:58  SCV x3  
  162  11:02  Missile Turret  
  162  11:03  Viking x2  
  173  11:06  Siege Tank  
  176  11:13  Factory Reactor, Hellbat, Factory Tech Lab  
  176  11:15  Rapid Fire Launchers  
  176  11:17  Cyclone x2  
  184  11:23  Cyclone x2  
  190  11:25  Command Center  
  190  11:31  Cyclone  
  191  11:32  Viking  
  191  11:33  Viking  
  191  11:37  Cyclone  
  191  11:38  Cyclone  
  195  11:44  Cyclone  
  197  11:51  Cyclone  
  200  11:59  Cyclone x2  
  200  12:00  Cyclone  
  199  12:10  Cyclone  
  200  12:17  Terran Vehicle And Ship Armor Level 3  
  200  12:33  Cyclone x2  
  200  12:39  Refinery x2  
  200  12:42  Siege Tank x2  
  180  12:48  Siege Tank x2  
  180  12:49  Hellion x3  
  170  12:57  Viking x2  
  171  13:04  Planetary Fortress  
  171  13:06  Hellion x3  
  177  13:14  Thor x2  
  185  13:24  Siege Tank x2, Hellion  
  185  13:25  Hellion  
  167  13:28  Hellion  
  167  13:30  Hellion  
  167  13:33  Hellion  
  167  13:34  Hellion  
  143  13:46  Hellion  
  145  13:49  Hellion  
  145  13:50  Hellion x5  
  145  13:51  Hellion  
  145  13:52  Viking  
  145  13:53  Viking  
  145  13:55  Hellion  
  155  13:58  SCV x4  
  155  14:00  Siege Tank  
  162  14:04  Siege Tank  
  162  14:09  Siege Tank  
  168  14:10  Hellion  
  168  14:12  Hellion x2  
  176  14:17  Hellion x2  
  176  14:23  Viking  
  180  14:25  Siege Tank  
  180  14:28  Hellion  
  185  14:31  Missile Turret  
  185  14:32  Hellion  
  185  14:34  Viking  
  186  14:43  Siege Tank x3  
  160  14:47  Hellion x2  
  160  14:50  Hellion  
  139  14:53  Viking  
  139  14:57  Siege Tank, Hellion  
  140  15:04  Viking  
  140  15:05  Hellion  
  143  15:15  Siege Tank x2  
  143  15:19  Hellion x3  
  149  15:25  Sensor Tower  
  149  15:28  Siege Tank  
  149  15:30  Hellion x2  
  149  15:31  Hellion x2  
  160  15:39  Viking  
  160  15:40  Cyclone x2  
  168  15:42  Viking  
  168  15:45  Hellion  
  172  15:51  Cyclone, Hellion  
  177  15:58  Cyclone x2  
  177  15:59  Cyclone  
  177  16:01  Hellion  
  184  16:10  Cyclone x2  
  188  16:12  Cyclone, Hellion  
  188  16:18  Viking x2  
  195  16:25  Hellion  
  199  16:28  Sensor Tower  
  195  16:49  Cyclone  
  195  16:51  Viking  
  196  17:06  Viking  
  196  17:07  Cyclone  
  195  17:28  Cyclone x2  
  178  17:30  Cyclone, Viking  
  178  17:31  Cyclone  
  178  17:32  Cyclone  
  178  17:33  Cyclone  
  178  17:35  Cyclone  
  178  17:36  Cyclone x2, Viking  
  177  17:39  Cyclone  
Tags
 
Add a new tag
Caveats
  • Supply blocks, unpowered buildings, or Contaminate may cause inaccurate times.
  • Supply counts are checked every 10 seconds.